 Dungeon Crawl Stone Soup version 0.22.0-60-ga52c2fc (webtiles) character file.

14 Starchild the Bolt Thrower (level 2, -4/16 HPs)
             Began as a Kobold Arcane Marksman on Sept 10, 2018.
             Slain by a hobgoblin
             ... wielding a +0 club
              (7 damage)
             ... on level 1 of the Dungeon.
             The game lasted 00:02:57 (545 turns).

Starchild the Bolt Thrower (Kobold Arcane Marksman)  Turns: 545, Time: 00:02:58

Health: -4/16      AC:  2    Str:  7    XL:     2   Next: 55%
Magic:  3/3        EV: 15    Int: 14    God:
Gold:   22         SH:  0    Dex: 15    Spells: 2/3 levels left

rFire    . . .     SeeInvis .   a - +0 hand crossbow
rCold    . . .     Gourm    .   (shield restricted)
rNeg     . . .     Faith    .   e - +0 robe
rPois    .         Spirit   .   (no helmet)
rElec    .         Reflect  .   (no cloak)
rCorr    .         Harm     .   (no gloves)
MR       .....                  (no boots)
Stlth    +.........             (no amulet)
HPRegen  0.05/turn              (no ring)
MPRegen  0.08/turn              (no ring)

@: no status effects
A: small, carnivore
a: no special abilities


You were on level 1 of the Dungeon.
You were not hungry.

You visited 1 branch of the dungeon, and saw 1 of its levels.

You collected 22 gold pieces.

Inventory:

Hand Weapons
 a - a +0 hand crossbow (weapon)
 g - a +0 dagger
Missiles
 d - 41 bolts (quivered)
 k - 27 stones
Armour
 e - a +0 robe (worn)
Scrolls
 b - a scroll of remove curse {unknown}
 c - 2 scrolls of teleportation {unknown}
 i - 3 scrolls of identify {unknown}
 l - a scroll of fear {unknown}
Potions
 h - a potion of heal wounds {unknown}
 j - a potion of agility {unknown}
 m - a potion of brilliance {unknown}
Comestibles
 f - a ration


   Skills:
 - Level 1.1 Fighting
 + Level 1.0 Short Blades
 + Level 3.4 Crossbows
 - Level 2.4 Dodging
 - Level 1.1 Spellcasting
 - Level 3.0 Hexes


You had 2 spell levels left.
You knew the following spells:

 Your Spells              Type           Power        Failure   Level  Hunger
a - Corona                Hex            #......      8%          1    ##.....

Your spell library contained the following spells:

 Spells                   Type           Power        Failure   Level  Hunger
 Slow                     Hex            #.......     12%         2    ###....
 Inner Flame              Hex/Fire       #.......     38%         3    ####...
 Portal Projectile        Hex/Tloc       #.....       38%         3    ####...
 Cause Fear               Hex            #.........   58%         4    #####..
 Leda's Liquefaction      Hex/Erth       #.........   80%         4    #####..


Dungeon Overview and Level Annotations

Branches:
Dungeon (1/15)

Altars:


Innate Abilities, Weirdness & Mutations

You are small and have problems with some larger weapons.
You are carnivorous and can eat meat at any time.


Message History

You hit the hobgoblin but do no damage. The hobgoblin misses you.
You closely miss the hobgoblin. The hobgoblin barely misses you.
You hit the hobgoblin but do no damage. The hobgoblin hits you with a club.
You hit the hobgoblin but do no damage. The hobgoblin barely misses you.
You hit the hobgoblin but do no damage. The hobgoblin hits you with a club.
You hit the hobgoblin but do no damage. You barely miss the hobgoblin.
The hobgoblin closely misses you.
You hit the hobgoblin but do no damage.
The hobgoblin hits you but does no damage.
You barely miss the hobgoblin. The hobgoblin hits you with a club.
* * * LOW HITPOINT WARNING * * *
Wield which item (- for none, * to show all)? (? for menu, Esc to quit)
a - a +0 hand crossbow (weapon)
Firing (i - inventory. (/) - cycle)
d - 42 bolts (quivered)
Press: ? - help, Shift-Dir - straight line, f/p - hobgoblin
Aim: a hobgoblin, wielding a club You shoot a bolt.
The bolt hits the hobgoblin but does no damage.
The hobgoblin closely misses you. The hobgoblin hits you with a club!
You die...

### #.. #.# #.#
#.# #.# #.#
#####
###.####...####.
#...@g...#.(....
#.#.####(..##.##
#.#.# ##.##
#.#.# .# #.#.#
.# #.#.# ..
#.#.# .# #.#.#
.# ###.# .#


You could see a hobgoblin.

Vanquished Creatures
  3 bats (D:1)
  A giant cockroach (D:1)
  2 goblins (D:1)
  2 jackals (D:1)
  A frilled lizard (D:1)
  A kobold (D:1)
  2 rats (D:1)
12 creatures vanquished.

Notes
Turn   | Place    | Note
-------+----------+-------------------------------------------
     0 | D:1      | Starchild the Kobold Arcane Marksman began the quest for
                  | the Orb.
     0 | D:1      | Reached XP level 1. HP: 12/12 MP: 2/2
   256 | D:1      | Reached XP level 2. HP: 9/16 MP: 3/3
   509 | D:1      | Reached skill level 1 in Short Blades
   545 | D:1      | Slain by a hobgoblin

Skill      XL: |  1  2 |
---------------+-------+-----
Crossbows      | 3 |  3.4
Short Blades   | 1 |  1.0
Fighting       | |  1.1
Dodging        | |  2.4
Spellcasting   | |  1.1
Hexes          | |  3.0

Action                   || total
-------------------------++-------
Melee: Dagger            ||    43
 Fire: Hand crossbow     ||    14
 Cast: Corona            ||     2
Armor: Robe              ||    10
Dodge: Dodged            ||    37
